AoeStats
← dekam34

Arabia

509184395Analyzed
1v1 RM · 6d ago on Sep 25, 2026· 62m 24s· 2 players
Game mode
Random Map
Map size
Tiny (2 player)
Population
200
Speed
Normal
Resources
Standard
Victory
Conquest
Starting age
Dark Age
Ending age
Imperial Age
RankedLock teamsTeams togetherTeam positionsShared explorationLock speedFull tech treeHidden civsTurbo modeCheats
Victory
Defeat
🇨🇱 Burgundians · Chile
553
+20
🇺🇸 Varangians · United States
637
-20
IskiSick
5:34 Double-Bit Axe
10:15 Feudal Age
8:47 Horse Collar
16:06 Loom
22:57 Wheelbarrow
23:41 Heavy Plow
28:01 Castle Age
27:50 Fletching
28:07 Scale Barding Armor
28:46 Crossbowman
29:15 Light Cavalry
30:10 Squires
33:17 Hand Cart
32:48 Town Watch
33:20 Husbandry
33:21 Bodkin Arrow
33:37 Forging
34:06 Bow Saw
34:02 Elite Skirmisher
34:51 Town Patrol
47:23 Imperial Age
45:30 Padded Archer Armor
45:31 Scale Mail Armor
48:15 Bracer
47:46 Hussar
57:34 Iron Casting
57:21 Chain Barding Armor
58:07 Ballistics
61:42 Burgundian Vineyards
dekam34
10:20 Feudal Age
14:16 Bloodlines
19:46 Horse Collar
19:54 Double-Bit Axe
22:30 Castle Age
21:08 Wheelbarrow
24:17 Husbandry
25:13 Bow Saw
24:59 Gold Mining
25:21 Stone Mining
25:43 Heavy Plow
29:06 Forging
29:02 Scale Barding Armor
30:07 Murder Holes
33:13 Hand Cart
34:08 Fletching
36:35 Ballistics
36:14 Bodkin Arrow
38:33 Town Watch
41:51 Imperial Age
42:15 Chain Barding Armor
43:16 Conscription
45:51 Plate Barding Armor
45:53 Iron Casting
58:06 Bracer
63:00 Blast Furnace
Connection lost

Rejoining the realm…

Still unreachable

The connection could not be restored.

Session expired

The server has moved on; the page needs a fresh start.